 Dungeon Crawl Stone Soup version 0.28-a0-938-gbc3f381ebc (webtiles) character file.

Game seed: 1273570497825338844

11148 Gwenloh the Thaumaturge (level 12, -6/91 HPs)
             Began as a Djinni Fire Elementalist on Nov 28, 2021.
             Was a Believer of Makhleb.
             Mangled by a wraith (9 damage)
             ... led by Josephine
             ... on level 10 of the Dungeon.
             The game lasted 00:42:01 (17315 turns).

Gwenloh the Thaumaturge (Djinni Fire Elementalist) Turns: 17315, Time: 00:42:01

Health: -6/91      AC:  5    Str: 15    XL:     12   Next: 4%
Gold:   548        EV: 13    Int: 19    God:    Makhleb [**....] SH:  5 Dex: 15

rFire   + + .      SeeInvis .   f - +1 short sword (venom)
rCold   x . .      Faith    .   n - +0 buckler
rNeg    . . .      Spirit   .   E - +1 leather armour of Denih {Str+6 Stlth-}
rPois   ∞          Reflect  .   p - +0 helmet
rElec   .          Harm     .   (no cloak)
rCorr   .          Rampage  .   (no gloves)
Will    +....                   (boots unavailable)
Stlth   +.........              (no amulet)
HPRegen 0.25/turn               (no ring)
MPRegen 0.00/turn               (no ring)

@: flying, slowed, very slow
A: sickness immunity, fire resistance 2, cold vulnerability 1, float, innate
caster, hp casting, extra vitality 1
a: Renounce Religion, Minor Destruction


You were on level 10 of the Dungeon.
You worshipped Makhleb.
Makhleb was pleased with you.
You visited 2 branches of the dungeon, and saw 12 of its levels.

You collected 678 gold pieces.
You spent 130 gold pieces at shops.

Inventory:

Hand Weapons
 f - a +1 short sword of venom (weapon)
 C - the +8 mace of Vuuni {flame, rN+ Dex+2 SInv Stlth-}
   (You took it off an orc on level 11 of the Dungeon)

   It burns those it strikes, dealing additional fire damage.
   Dex:       It affects your dexterity (+2).
   rN:        It protects you from negative energy.
   SInv:      It lets you see invisible.
   Stlth:     It makes you less stealthy.
Armour
 a - a +0 robe
 n - a +0 buckler (worn)
 p - a +0 helmet (worn)
 E - the +1 leather armour of Denih (worn) {Str+6 Stlth-}
   (You found it on level 7 of the Dungeon)

   Str:       It affects your strength (+6).
   Stlth:     It makes you less stealthy.
Magical Staves
 r - a staff of cold
Jewellery
 A - a ring of protection from cold
 J - a ring of protection from cold
Wands
 e - a wand of acid (22)
 m - a wand of paralysis (30)
 s - a wand of polymorph (5)
 x - a wand of flame (6)
 y - a wand of iceblast (4)
Scrolls
 b - 4 scrolls of magic mapping
 g - 6 scrolls of teleportation
 j - 2 scrolls of noise
 l - 4 scrolls of enchant weapon
 o - 2 scrolls of amnesia
 q - a scroll of brand weapon
 t - 2 scrolls of vulnerability
 F - a scroll of acquirement {unknown}
 I - 4 scrolls of identify
Potions
 c - 3 potions of lignification {unknown}
 d - 4 potions of brilliance {unknown}
 h - 2 potions of mutation {unknown}
 i - 6 potions of curing
 k - 3 potions of berserk rage {unknown}
 u - 2 potions of attraction {unknown}
 w - 5 potions of might {unknown}
 z - 3 potions of flight {unknown}
 B - a potion of magic {unknown}
 D - 2 potions of experience {unknown}
 G - 4 potions of degeneration {unknown}
 H - a potion of cancellation {unknown}
 K - a potion of haste {unknown}


   Skills:
 + Level 9.9 Fighting
 + Level 4.4 Dodging
 - Level 1.5 Stealth
 - Level 4.0 Shields
 * Level 11.1 Spellcasting
 + Level 3.3 Invocations


You had 5 spell levels left.
You knew the following spells:

 Your Spells              Type           Power      Damage    Failure   Level
a - Foxfire               Conj/Fire      100%       2x1d9     1%          1
b - Scorch                Fire           100%       2d10      1%          2
c - Conjure Flame         Conj/Fire      52%        6-21      1%          3
d - Inner Flame           Hex/Fire       52%        N/A       1%          3
e - Flame Wave            Conj/Fire      52%        2d9       1%          4
f - Beastly Appendage     Tmut           100%       N/A       1%          1
g - Searing Ray           Conj           100%       2d8       1%          2
h - Gell's Gravitas       Tloc           52%        N/A       1%          3
i - Passage of Golubria   Tloc           52%        N/A       1%          4
j - Summon Mana Viper     Hex/Summ       52%        N/A       2%          5
Your spell library was empty.

Dungeon Overview and Level Annotations

Branches:
Dungeon (11/15)            Temple (1/1) D:5            Lair (0/6) D:11
    Orc (0/2) D:11

Altars:
Ashenzari
Cheibriados
Dithmenos
Elyvilon
Fedhas
Gozag
Hepliaklqana
Kikubaaqudgha
Makhleb
Nemelex Xobeh
Okawaru
Qazlal
Ru
Sif Muna
Trog
Uskayaw
Vehumet
Wu Jian
Xom
Yredelemnul
Zin
The Shining One

Shops:
D:4 =(!*=   D:8 (

Annotations:
D:8 AmazingEquinox's ghost, novice MiBe


Innate Abilities, Weirdness & Mutations

You are immune to sickness and miasma.
You are immune to poison.
Your flesh is very heat resistant. (rF++)
You are vulnerable to cold. (rC-)
You float through the air rather than walking.
You learn spells naturally, not from books.
Your magical power is your life essence.
You have superior vitality. (+4 HP)


Message History

* * * LOW HITPOINT WARNING * * *
The wraith drains your vigour!
You feel as though you will be slow longer.
The wraith misses you.
Casting: Flame Wave (mildly dangerous; 1% risk of failure)
Confirm with . or Enter, or press ? or * to list all spells.
Flames lash the wraith.
The wraith is almost destroyed.
The wraith's fire resistance burns away.
* * * LOW HITPOINT WARNING * * *
The wraith hits you!
* * * LOW HITPOINT WARNING * * *
The wraith drains your vigour!
You feel as though you will be slow longer.
The wraith misses you. x2
Casting: Scorch (safe; 1% risk of failure)
Confirm with . or Enter, or press ? or * to list all spells.
Flames lash the wraith.
The wraith is burned terribly!
You destroy the wraith!
Makhleb accepts your kill.
You feel better.
* * * LOW HITPOINT WARNING * * *
You block the wraith's attack.
Casting: Scorch (safe; 1% risk of failure)
Confirm with . or Enter, or press ? or * to list all spells.
Flames lash the wraith.
The wraith is heavily damaged.
The wraith's fire resistance burns away.
* * * LOW HITPOINT WARNING * * *
The wraith hits you!
* * * LOW HITPOINT WARNING * * *
The wraith drains your vigour!
You feel as though you will be slow longer.
The wraith misses you.
Casting: Scorch (safe; 1% risk of failure)
Confirm with . or Enter, or press ? or * to list all spells.
You don't have enough health to cast this spell.
The wraith is no longer more vulnerable to fire.
The wraith hits you!
You die...

.#...# #.#.# ####...## ### #.
.##'#####...#########...##### #.
...............##...#...#...# #.
.......:...###.##.>.#...#.<.# #.
...........# ####...#...#...# ##
..#######..######...#...#)..#####
..#######.###...................#
..........# #.>W..⌠...8...⌠...<.#
.########'# #...@...............#
.#........# #####...#...#...#####
.#.......## #...#...#...# ##
.#.......# #.>.#...#.<.####.
.###'###### #...#...#...##.#.
..........# #####...######.#.
....#####.###########...######.#.
..........#...'..#.............'.
.#'#......#...#..#.........###.##


You could see a wraith.

Vanquished Creatures
  Josephine (D:11)
  2 two-headed ogres
  Nergalle (D:11)
  A cyclops (D:11)
  A gargoyle (D:8)
  A hornet (D:9)
  4 slime creatures
  A vampire (D:10)
  A wyvern (D:9)
  A shadow (D:11)
  3 steam dragons
  3 wraiths
  Grum (D:11)
  3 vampire mosquitoes (D:10)
  An acid dragon (D:10)
  A water moccasin (D:6)
  5 orc warriors
  3 sky beasts
  3 necrophages
  An ice beast (D:7)
  4 black bears
  3 ogres
  4 wolves
  5 centaurs
  2 phantoms
  A kobold brigand (D:9)
  2 water moccasin zombies
  A bullfrog (D:7)
  2 scorpions
  A water moccasin skeleton (D:5)
  An electric eel (D:10)
  3 lava snakes (D:8)
  6 centaur zombies
  A bullfrog skeleton (D:4)
  3 hounds
  3 jellies
  A gnoll shaman (D:7)
  4 orc priests
  3 centaur skeletons
  3 iguanas
  4 orc wizards
  2 killer bee zombies (D:8)
  3 howler monkey zombies
  3 gnolls (D:2)
  5 adders
  2 white imps
  An adder skeleton (D:4)
  5 worms
  3 dart slugs
  34 orcs
  15 endoplasms
  4 giant cockroaches
  5 goblins
  3 hobgoblins
  18 kobolds
  5 quokkas
  4 ball pythons
  7 bats
  3 frilled lizards
  25 rats
  A butterfly (D:5)
243 creatures vanquished.

Vanquished Creatures (collateral kills)
  A fire dragon (D:9)
1 creature vanquished.

Vanquished Creatures (others)
  An orc wizard (D:7)
  418 foxfires
  4 fungi (D:3)
  7 toadstools (D:3)
430 creatures vanquished.

Grand Total: 674 creatures vanquished

Notes
Turn   | Place    | Note
-------+----------+-------------------------------------------
     0 | D:1      | Gwenloh the Djinni Fire Elementalist began the quest for
                  | the Orb.
     0 | D:1      | Reached XP level 1. HP: 15/15 MP: 0/0
   141 | D:1      | Found a faded altar of an unknown god.
   264 | D:1      | Reached XP level 2. HP: 16/22 MP: 0/0
   709 | D:2      | Reached skill level 1 in Fighting
   882 | D:2      | Reached skill level 3 in Spellcasting
   882 | D:2      | Reached XP level 3. HP: 23/27 MP: 0/0
   882 | D:2      | Learned a level 1 spell: Beastly Appendage
  1308 | D:2      | Reached XP level 4. HP: 29/33 MP: 0/0
  2014 | D:3      | Reached XP level 5. HP: 27/38 MP: 0/0
  2014 | D:3      | Learned a level 2 spell: Searing Ray
  2235 | D:3      | Found an iron altar of Okawaru.
  2792 | D:3      | Reached skill level 4 in Spellcasting
  2837 | D:3      | Reached XP level 6. HP: 2/45 MP: 0/0
  3787 | D:4      | Found Bujog's Jewellery Shop.
  3788 | D:4      | Found Kacof's Distillery.
  3811 | D:4      | Noticed a black bear
  3888 | D:4      | Killed a black bear
  3889 | D:4      | Reached XP level 7. HP: 28/50 MP: 0/0
  3889 | D:4      | Learned a level 3 spell: Gell's Gravitas
  4071 | D:4      | Found Netes's Antique Weapon Boutique.
  4153 | D:4      | Reached skill level 5 in Spellcasting
  4496 | D:4      | Found Xuril's Jewellery Shoppe.
  4584 | D:4      | Found Ficu's Assorted Antiques.
  4944 | D:5      | Entered Level 5 of the Dungeon
  4978 | D:5      | Found a staircase to the Ecumenical Temple.
  5229 | D:5      | Reached XP level 8. HP: 50/58 MP: 0/0
  5425 | D:4      | Reached skill level 6 in Spellcasting
  5574 | D:4      | Reached skill level 5 in Fighting
  6192 | D:4      | Bought a potion of heal wounds for 50 gold pieces
  6192 | D:4      | Bought a potion of curing for 30 gold pieces
  6192 | D:4      | Bought a potion of heal wounds for 50 gold pieces
  6462 | Temple   | Entered the Ecumenical Temple
  6521 | Temple   | Became a worshipper of Makhleb the Destroyer
  6856 | D:6      | Reached skill level 7 in Spellcasting
  6856 | D:6      | Reached XP level 9. HP: 59/66 MP: 0/0
  6856 | D:6      | Learned a level 4 spell: Passage of Golubria
  7003 | D:6      | Found an ornate altar of the Wu Jian Council.
  7390 | D:6      | Upgraded the game from 0.28-a0-932-g843f935a50 to
                  | 0.28-a0-938-gbc3f381ebc
  8104 | D:7      | Identified the +1 leather armour of Denih {Str+6 Stlth-}
  8272 | D:7      | Reached * piety under Makhleb
  8273 | D:7      | Reached skill level 1 in Shields
  8273 | D:7      | Reached skill level 8 in Spellcasting
  8512 | D:7      | Found a shimmering altar of Xom.
  8513 | D:7      | Found an opulent altar of Gozag.
  8515 | D:7      | Found a hide-covered altar of Uskayaw.
  8811 | D:8      | Found Cotime's Weapon Shoppe.
  8817 | D:8      | Identified the +0 robe of Ruanudghogi {rElec MP+9 Int+4}
  8986 | D:8      | HP: 2/68 [something/puff of frost (9)]
  9197 | D:8      | Reached XP level 10. HP: 69/75 MP: 0/0
  9338 | D:8      | Noticed a gargoyle
  9348 | D:8      | Killed a gargoyle
  9819 | D:8      | Found a runed translucent gate.
  9819 | D:8      | Found a runed translucent gate.
  9820 | D:8      | Found a runed translucent gate.
  9821 | D:8      | Found an opulent altar of Gozag.
  9824 | D:8      | Noticed AmazingEquinox's ghost (novice MiBe)
  9957 | D:8      | Noticed a rime drake
  9959 | D:8      | a rime drake changed into a shapeshifter
  9965 | D:8      | Noticed a black mamba
  9965 | D:8      | a polar bear changed into a black mamba
  9974 | D:8      | Noticed a fire crab
  9974 | D:8      | a black mamba changed into a fire crab
 10376 | D:9      | Noticed a two-headed ogre
 10383 | D:9      | Killed a two-headed ogre
 10384 | D:9      | Reached skill level 9 in Spellcasting
 11837 | D:10     | Entered Level 10 of the Dungeon
 12131 | D:10     | Reached ** piety under Makhleb
 12418 | D:10     | Reached XP level 11. HP: 36/82 MP: 0/0
 12418 | D:10     | Learned a level 5 spell: Summon Mana Viper
 13011 | D:10     | Noticed a fire dragon
 13631 | D:11     | Found a staircase to the Orcish Mines.
 13636 | D:11     | Reached skill level 10 in Spellcasting
 13669 | D:11     | Noticed a two-headed ogre
 14010 | D:11     | Noticed a cyclops
 14149 | D:11     | Killed a cyclops
 15047 | D:11     | Killed a two-headed ogre
 15048 | D:11     | Reached skill level 1 in Invocations
 15640 | D:9      | Killed a fire dragon
 15933 | D:11     | Found a staircase to the Lair.
 15934 | D:11     | Noticed Nergalle
 15935 | D:11     | Noticed Grum
 16327 | D:11     | Killed Nergalle
 16439 | D:11     | Identified the +8 mace of Vuuni {flame, rN+ Dex+2 SInv
                  | Stlth-}
 16641 | D:11     | Killed Grum
 16714 | D:11     | Reached skill level 11 in Spellcasting
 17026 | D:11     | Noticed Josephine
 17044 | D:11     | Killed Josephine
 17045 | D:11     | Reached XP level 12. HP: 48/91 MP: 0/0
 17313 | D:10     | HP: 2/91 [wraith[Josephine] (10)]
 17315 | D:10     | Mangled by a wraith

Illustrated notes

Levels and vault maps discovered:
D:1:      dpeg_arrival_refuge, layout_rooms, shapermc_ecumenical_altar_venn
D:2:      layout_basic, kennysheep_generic_room_7
D:3:      cheibrodos_fertilizer, layout_loops_ring,
          nicolae_overflow_crystal_walls, nicolae_wormholes
D:4:      layout_cave_pools, serial_shops, nicolae_take_the_stairs, shop, shop,
          kennysheep_mini, shop, minmay_rat_hole
D:5:      layout_loops_corners, minmay_temple_entry_butterflies
D:6:      layout_rooms, nicolae_wu_jian_wuxing_cycle
D:7:      layout_basic, minitemple, st_stairs_14
D:8:      layout_cave_pools, ebering_ghost_gozag, nicolae_inconvenience_store
D:9:      layout_roguey
D:10:     layout_stronghold, kennysheep_cluttered_room,
          small_chamber_with_monster, nicolae_elevator_lobby_plus
D:11:     layout_cave_pods, lair_entry_dummy, david_orc_3, uniq_grum,
          uniq_nergalle, uniq_josephine
Temple:   nicolae_temple_elliptical

Skill      XL: |  1  2  3  4  5  6  7  8  9 10 11 |
---------------+----------------------------------+-----
Fighting       | 1 2 3 4 5 7 8 9 |  9.9
Spellcasting   | 3 4 5 7 8 9 11 | 11.1
Shields        | 2 4 |  4.0
Invocations    | 3 |  3.3
Dodging        | 4 |  4.4
Stealth        | |  1.5

Action                   |  1- 3 |  4- 6 |  7- 9 | 10-12 || total
-------------------------+-------+-------+-------+-------++-------
Melee: Short sword       |       |     3 |     1 |    16 ||    20
 Cast: Foxfire           |    33 |    49 |    93 |    73 ||   248
       Scorch            |    10 |    45 |   100 |   161 ||   316
       Inner Flame       |       |     2 |       |       ||     2
       Conjure Flame     |       |       |     4 |     5 ||     9
       Searing Ray       |       |       |     5 |       ||     5
       Flame Wave        |       |       |     1 |    11 ||    12
       Summon Mana Viper |       |       |       |     3 ||     3
Evoke: Wand              |       |       |       |    10 ||    10
  Use: Scroll            |       |     1 |       |    10 ||    11
       Potion            |       |       |     1 |     2 ||     3
Armor: Robe              |     7 |     9 |     6 |       ||    22
       Leather armour    |       |       |     3 |    54 ||    57
Dodge: Dodged            |    11 |    16 |    23 |   135 ||   185
Block: Buckler           |       |       |       |    48 ||    48

Table legend: (Time is in decaauts)
 A = Elapsed time spent in this place.
 B = Non-inter-level travel time spent in this place.
 C = Inter-level travel time spent in this place.
 D = Time resting spent in this place.
 E = Time spent auto-exploring this place.
 F = Levels seen in this place.
 G = Mean time per level.
                   A        B        C        D        E       F      G
               +--------+--------+--------+--------+--------+-----+--------+
         Total |  17341 |  16881 |    460 |   4151 |  10631 |  12 | 1445.1 |
       Dungeon |  17170 |  16733 |    437 |   4151 |  10502 |  11 | 1560.9 |
        Temple |    170 |    147 |     23 |      0 |    129 |   1 |  170.0 |
               +--------+--------+--------+--------+--------+-----+--------+

Top non-repeatable levels by time:
    D:10: 2971 daAuts
     D:3: 2160 daAuts
     D:9: 2003 daAuts
    D:11: 1985 daAuts
     D:8: 1639 daAuts
     D:7: 1333 daAuts
     D:4: 1269 daAuts
     D:2: 1203 daAuts
     D:5: 1173 daAuts
     D:6: 730 daAuts
     D:1: 699 daAuts
  Temple: 170 daAuts
